 Dungeon Crawl Stone Soup version 0.31-a0-233-g139696dc86 (webtiles) character file.

Game seed: 17415142941305841158

95 qw the Shooter (level 4, -1/26 HPs)
             Began as a Gargoyle Hexslinger on July 8, 2023.
             Slain by a goblin
             ... wielding a +0 club
             ... led by Robin
              (2 damage)
             ... on level 2 of the Dungeon.
             The game lasted 00:00:27 (1200 turns).

qw the Shooter (Gargoyle Hexslinger)                Turns: 1200, Time: 00:00:28

Health: -1/26      AC:  5    Str: 11    XL:     4   Next: 65%
Magic:  5/5        EV: 12    Int: 14    God:
Gold:   67         SH:  0    Dex: 14    Spells: 4/5 levels left

rFire   + . .        Y - +1 sling
rCold   . . .        (no shield)
rNeg    + + .        c - +0 robe
rPois   inf          (no helmet)
rElec   +            (no cloak)
rCorr   .            (no gloves)
SInv    .            (no boots)
Will    .....        (no amulet)
Stlth   +            h - ring of positive energy
HPRegen 0.24/turn    j - ring of protection from fire
MPRegen 0.09/turn

%: no passive effects
@: no status effects
A: sickness immunity, AC +3, negative energy resistance 1, electricity
resistance, torment resistance 1, petrification resistance
a: no special abilities


You were on level 2 of the Dungeon.
You visited 1 branch of the dungeon, and saw 2 of its levels.

You collected 67 gold pieces.


Innate Abilities, Weirdness & Mutations

You are immune to sickness and miasma.
Your stone body is resilient. (AC +3)
You are immune to poison.
You resist negative energy. (rN+)
You are resistant to electric shocks. (rElec)
You are resistant to unholy torment.
You are immune to petrification.


   Skills:
 - Level 2.0 Fighting
 + Level 4.4 Ranged Weapons
 - Level 1.5 Dodging
 - Level 1.0 Spellcasting
 - Level 2.6 Hexes


You had 4 spell levels left.
You knew the following spells:

 Your Spells              Type           Power      Damage    Failure   Level
a - Slow                  Hex            32%        N/A       9%          1

Your spell library contained the following spells:

 Spells                   Type           Power      Damage    Failure   Level
 Inner Flame              Hex/Fire       4%         N/A       41%         3
 Portal Projectile        Hex/Tloc       8%         N/A       41%         3
 Cause Fear               Hex            4%         N/A       65%         4

Inventory:

Hand Weapons
 Y - a +1 sling (weapon)
Armour
 a - a +0 leather armour
 b - a +0 ring mail
 c - a +0 robe (worn)
Jewellery
 f - a ring of flight
 h - a ring of positive energy (left hand)
 j - a ring of protection from fire (right hand)
Scrolls
 g - a scroll of identify
Potions
 d - a potion of cancellation
 e - a potion of might {unknown}
 i - a potion of curing {unknown}
 k - a potion of lignification {unknown}
 l - a potion of berserk rage {unknown}

Dungeon Overview and Level Annotations

Branches:
Dungeon (2/15)

Altars:


Message History

You shoot a sling bullet. The sling bullet misses the bat.
The bat hits you but does no damage. The goblin barely misses you.
The goblin hits you with a +0 club.
You shoot a sling bullet. The sling bullet hits the goblin.
You kill the goblin!
The bat hits you but does no damage. The goblin hits you with a +0 club.
The bat barely misses you.
You shoot a sling bullet. The sling bullet hits the bat.
You kill the bat!
The goblin hits you but does no damage.
You shoot a sling bullet.
The sling bullet barely misses the goblin.
The goblin closely misses you. The hobgoblin barely misses you.
The goblin hits you with a +0 dagger. The goblin closely misses you.
The goblin misses you. The hobgoblin closely misses you.
You shoot a sling bullet. The sling bullet hits the goblin.
The goblin is moderately wounded.
The hobgoblin hits you but does no damage.
The goblin closely misses you. The goblin barely misses you.
You shoot a sling bullet. The sling bullet hits the goblin!
You kill the goblin!
The hobgoblin hits you but does no damage.
The goblin barely misses you.
The goblin unwields a +0 club.
The goblin wields a +0 sling.
The goblin shoots a sling bullet.
The sling bullet closely misses you.
You shoot a sling bullet.
The sling bullet completely misses the hobgoblin.
The goblin no longer looks unusually strong.
The hobgoblin hits you. The goblin hits you but does no damage.
The goblin shoots a sling bullet.
The sling bullet barely misses you.
You shoot a sling bullet.
The sling bullet barely misses the hobgoblin.
The hobgoblin barely misses you. The goblin hits you but does no damage.
You shoot a sling bullet.
The sling bullet closely misses the goblin.
The goblin barely misses you.
The hobgoblin hits you but does no damage.
The goblin unwields a +0 sling.
The goblin wields a +0 club.
The goblin hits you with a +0 club.
You die...

#.## .. .# .. .# .
)# . g# #.
####g##############.
#.g@g..........##...
#..####.............
#..####......).#....
#....##.............
#.##.##.............
#.##.##............#
#.............%.....
####.##########.....
#.# ####.#.##


You could see a hobgoblin and 3 goblins.

Vanquished Creatures
  Jessica (D:2)
  Robin (D:2)
  3 adders (D:2)
  2 endoplasms (D:1)
  4 hobgoblins (D:2)
  2 quokkas
  A ball python (D:1)
  4 bats
  4 frilled lizards
  6 goblins (D:2)
  3 kobolds
  3 rats
34 creatures vanquished.

Notes
Turn   | Place    | Note
-------+----------+-------------------------------------------
     0 | D:1      | qw the Gargoyle Hexslinger began the quest for the Orb.
     0 | D:1      | Reached XP level 1. HP: 12/12 MP: 2/2
     0 | D:1      | 0 ||| qw: Version: 0.3-a-46-gb1f654a
     0 | D:1      | 0 ||| qw: Game counter: 3580
     0 | D:1      | 0 ||| qw: Melee chars always use a shield: true
     0 | D:1      | 0 ||| qw: God list: Okawaru
     0 | D:1      | 0 ||| qw: Allow faded altars: false
     0 | D:1      | 0 ||| qw: Do Orc after clearing Dungeon:15 true
     0 | D:1      | 0 ||| qw: Do second Lair branch before Depths: true
     0 | D:1      | 0 ||| qw: Lair rune preference: random
     0 | D:1      | 0 ||| qw: Goals: Normal
     0 | D:1      | 0 ||| PLANNING D:1-11
   256 | D:1      | Reached XP level 2. HP: 8/16 MP: 3/3
   681 | D:1      | 681 ||| UPGRADING to ring of positive energy.
   682 | D:1      | 682 ||| UPGRADING to ring of protection from fire.
   683 | D:1      | 683 ||| READING scroll labelled IFYASM WAEMYFF.
   684 | D:1      | 684 ||| READING scroll labelled EWKUIM LOIGAST.
   685 | D:1      | 685 ||| READING 3 scrolls labelled ZOLIARGHITESE.
   686 | D:1      | 686 ||| READING 2 scrolls of identify.
   686 | D:1      | 686 ||| IDENTIFYING fuming amethyst potion
   687 | D:1      | 687 ||| DROPPING scroll of poison.
   723 | D:2      | Noticed Jessica
   730 | D:2      | Killed Jessica
   731 | D:2      | Reached skill level 3 in Ranged Weapons
   731 | D:2      | Reached XP level 3. HP: 13/20 MP: 4/4
   744 | D:2      | HP: 5/20 [kobold/+0 short sword (3)]
  1068 | D:2      | Reached XP level 4. HP: 26/26 MP: 5/5
  1136 | D:2      | Reached skill level 4 in Ranged Weapons
  1160 | D:2      | Noticed Robin
  1187 | D:2      | Killed Robin
  1187 | D:2      | HP: 6/26 [goblin/+0 club[Robin] (3)]
  1192 | D:2      | HP: 6/26 [goblin/+0 club[Robin] (1)]
  1195 | D:2      | HP: 2/26 [goblin/+0 dagger[Robin] (2)]
  1200 | D:2      | Slain by a goblin

Levels and vault maps discovered:
D:1:      dpeg_arrival_houses_and_road, layout_basic
D:2:      minmay_alternating_diamond, layout_loops_cross,
          chequers_ecumenical_altar_grove, uniq_robin, uniq_jessica

Skill      XL: |  1  2  3  4 |
---------------+-------------+-----
Ranged Weapons | 3 4 |  4.4
Fighting       | 2 |  2.0
Dodging        | |  1.5
Spellcasting   | |  1.0
Hexes          | |  2.6

Action                     |  1- 3 |  4- 6 || total
---------------------------+-------+-------++-------
   Fire: Sling             |    79 |    50 ||   129
    Use: Scroll            |     4 |       ||     4
 Armour: Robe              |    22 |    32 ||    54
  Dodge: Dodged            |    36 |    63 ||    99

Table legend:
 A = Non-vault XP
 B = Vault XP
 C = Vault XP percentage of total XP
 D = Non-vault monster count
 E = Vault monster count
 F = Vault count percentage of total count
                 A         B        C        D         E       F
            +---------+---------+-------+---------+---------+-------
      Total |      52 |      84 |  61.8 |      21 |      13 |  38.2
            +---------+---------+-------+---------+---------+-------
        D:1 |      15 |       0 |   0.0 |      11 |       0 |   0.0
        D:2 |      37 |      84 |  69.4 |      10 |      13 |  56.5
            +---------+---------+-------+---------+---------+-------
